AoeStats
← Tebini Koppini

Northern Isles

510392430Analyzed
1v1 RM · 12h ago on Sep 30, 2026· 28m 51s· 2 players
Game mode
Random Map
Map size
Tiny (2 player)
Population
200
Speed
Normal
Resources
Standard
Victory
Conquest
Starting age
Dark Age
Ending age
Imperial Age
RankedLock teamsTeams togetherTeam positionsShared explorationLock speedFull tech treeHidden civsTurbo modeCheats
Victory
Defeat
🇲🇽 Hindustanis · Mexico
1671
+14
🇦🇷 Teutons · Argentina
1618
-14
Tebini Koppini
8:34 Loom
10:59 Feudal Age
12:07 Double-Bit Axe
17:56 Castle Age
20:22 Medium Warships
26:15 Fletching
26:36 Fletching
27:58 Bodkin Arrow
OnashOnyx
6:51 Loom
9:44 Feudal Age
9:47 Man-at-Arms
11:30 Double-Bit Axe
12:19 Arson
15:28 Forging
19:06 Castle Age
19:16 Scale Mail Armor
20:17 Medium Warships
22:41 Bow Saw
23:02 Town Watch
23:59 Fishing Lines
24:56 Horse Collar
25:26 Fletching
27:05 Bodkin Arrow
28:36 Gillnets
29:52 Wheelbarrow
Connection lost

Rejoining the realm…

Still unreachable

The connection could not be restored.

Session expired

The server has moved on; the page needs a fresh start.